 Dungeon Crawl Stone Soup version 0.20-a0-16-g0876c8e (webtiles) character file.

185 GordonOverkill the Chucker (level 5, -5/55 HPs)
             Began as an Ogre Hunter on Nov 4, 2016.
             Engulfed by a cloud of flame (21 damage)
             ... on level 3 of the Dungeon.
             The game lasted 00:05:17 (2416 turns).

GordonOverkill the Chucker (Ogre Hunter)            Turns: 2416, Time: 00:05:23

Health: -5/55      AC:  4    Str: 18    XL:     5   Next: 64%
Magic:  5/5        EV: 10    Int: 10    God:
Gold:   152        SH:  0    Dex: 10    Spells: 0 memorised, 4 levels left

rFire  . . .     SeeInvis .     g - +2 hand axe (elec)
rCold  . . .     Gourm    .     b - +1 robe
rNeg   . . .     Faith    .     (no shield)
rPois  .         Spirit   .     (helmet restricted)
rElec  .         Reflect  .     (no cloak)
rCorr  .         Harm     .     (gloves unavailable)
MR     .....                    (boots unavailable)
Stlth  +.........               (no amulet)
                                (no ring)
                                (no ring)

@: no status effects
A: unfitting armour, tough skin 1
a: no special abilities


You were on level 3 of the Dungeon.
You were not hungry.

You visited 1 branch of the dungeon, and saw 3 of its levels.

You collected 152 gold pieces.

Inventory:

Hand Weapons
 g - a +2 hand axe of electrocution (weapon)
 j - a +0 club
Missiles
 c - 5 large rocks (quivered)
 d - 2 throwing nets
Armour
 b - a +1 robe (worn)
Potions
 i - a potion of resistance
 o - 2 potions of curing
 p - a potion of brilliance
 s - a potion of ambrosia {unknown}
 t - a potion of magic {unknown}
Comestibles
 f - 2 bread rations
 l - 5 meat rations
 q - 5 chunks of flesh
 r - a beef jerky


   Skills:
 + Level 4.5 Fighting
 * Level 4.2 Maces & Flails
 + Level 4.9 Throwing
 - Level 1.7 Dodging
 - Level 0.6 Stealth


You had 4 spell levels left.
You didn't know any spells.

Dungeon Overview and Level Annotations

Branches:
Dungeon (3/15)

Altars:
Uskayaw


Innate Abilities, Weirdness & Mutations

You are too large for most types of armour.
You have tough skin. (AC +1)


Message History

No target in view!
The orc shouts!
The frilled lizard hisses angrily.
Found a scroll of identify.
You see here a scroll labeled JEASTAALOGH.
There are monsters nearby!
a - a scroll labeled JEASTAALOGH
As you read the scroll labeled JEASTAALOGH, it crumbles to dust.
The creatures around you are filled with an inner flame!
It was a scroll of immolation.
Unknown command.
The orc hits you with a club.
You hit the frilled lizard.
There is a sudden explosion of sparks!
The frilled lizard explodes!
The fiery explosion engulfs you!
The fiery explosion engulfs the orc.
The orc explodes!
The fiery explosion engulfs you!
* * * LOW HITPOINT WARNING * * *
You are engulfed in roaring flames.
You die...

... ### ...) #.# #####...
###.# #...... #...###.%..#
## #.#........####.##
#<....%..........#
#.#.#...%...§§...##.
#..?>......§@§§..o..
#.#.).##.#.§§§§..##.
#.##..##.#..§§..............
#.##..##.#.%........ .. ...
#.##..##.#........?. .....
#........#....#.#### #g...
##......##....#.# #.#l###
#......##..%.#.# #####......
#....... ......s).o.


You could see an orc.

Vanquished Creatures
  Natasha (thrice) (D:2)
  4 adders (D:2)
  3 worms
  A dart slug (D:2)
  4 leopard geckos
  3 orcs
  5 giant cockroaches
  8 goblins
  5 hobgoblins
  8 kobolds
  A quokka (D:2)
  A ball python (D:1)
  6 bats
  4 frilled lizards
  4 rats (D:1)
60 creatures vanquished.

Notes
Turn   | Place    | Note
-------+----------+-------------------------------------------
     0 | D:1      | GordonOverkill the Ogre Hunter began the quest for the Orb.
     0 | D:1      | Reached XP level 1. HP: 22/22 MP: 1/1
   321 | D:1      | Reached XP level 2. HP: 21/31 MP: 2/2
   484 | D:1      | Reached skill level 1 in Maces & Flails
   717 | D:1      | Reached XP level 3. HP: 22/39 MP: 3/3
   993 | D:2      | Noticed Natasha
  1001 | D:2      | Killed Natasha
  1001 | D:2      | Reached XP level 4. HP: 23/48 MP: 4/4
  1663 | D:2      | Noticed Natasha
  1672 | D:2      | Killed Natasha
  1672 | D:2      | Reached XP level 5. HP: 15/55 MP: 5/5
  1791 | D:2      | Noticed Natasha
  2180 | D:2      | Found a hide-covered altar of Uskayaw.
  2214 | D:2      | Killed Natasha
  2416 | D:3      | Engulfed by a cloud of flame

Vault maps used:
D:1:      lightli_arrival_lavapool
D:2:      marbit_many_paths, fountainhead, uniq_natasha

Skill      XL: |  1  2  3  4  5 |
---------------+----------------+-----
Fighting       | 3 4 |  4.5
Maces & Flails | 1 2 3 4 |  4.2
Throwing       | |  4.9
Dodging        | |  1.7
Stealth        | |  0.6

Action                   |  1- 3 |  4- 6 || total
-------------------------+-------+-------++-------
Melee: Hand axe          |    60 |    66 ||   126
       Short sword       |     4 |       ||     4
Throw: Large rock        |     1 |     8 ||     9
  Use: Scroll            |       |    10 ||    10
 Stab: Sleeping          |     1 |     1 ||     2
  Eat: Chunk             |       |     5 ||     5
Armor: Robe              |    15 |    13 ||    28
Dodge: Dodged            |    34 |    46 ||    80
